 Dungeon Crawl Stone Soup version 0.24-a0-25-g8489be9 (webtiles) character file.

Game seed: 4071709808269629174

268 JeffiDaFish the Magician (level 6, -7/32 HPs)
             Began as a Deep Elf Fire Elementalist on Feb 1, 2019.
             Mangled by an ogre
             ... wielding a +0 giant club
              (15 damage)
             ... on level 4 of the Dungeon on Feb 2, 2019.
             The game lasted 00:08:57 (3915 turns).

JeffiDaFish the Magician (DEFE)                     Turns: 3915, Time: 00:08:58

Health: -7/32      AC:  3    Str:  6      XL:     6   Next: 0%
Magic:  12/16      EV: 15    Int: 20 (21) God:
Gold:   171        SH:  0    Dex: 15      Spells: 11/15 levels left

rFire    . . .     SeeInvis +   g - +1 short sword
rCold    . . .     Gourm    .   (no shield)
rNeg     . . .     Faith    .   b - +1 robe
rPois    .         Spirit   .   (helmet restricted)
rElec    .         Reflect  .   (no cloak)
rCorr    .         Harm     .   (no gloves)
MR       .....     Clarity  +   (no boots)
Stlth    ++........             (no amulet)
HPRegen  0.10/turn              j - +1 ring of evasion
MPRegen  0.15/turn              (no ring)

@: no status effects
A: beak, see invisible, clarity, deterioration 1
a: no special abilities


You were on level 4 of the Dungeon.
You were hungry.

You visited 1 branch of the dungeon, and saw 4 of its levels.

You collected 171 gold pieces.

Inventory:

Hand Weapons
 g - a +1 short sword (weapon)
Armour
 b - a +1 robe (worn)
Jewellery
 j - a +1 ring of evasion (left hand)
Wands
 e - a wand of flame (17)
 i - a wand of clouds (2)
Scrolls
 d - 3 scrolls of identify
 f - 2 scrolls of teleportation
 h - 2 scrolls of amnesia
Potions
 a - a potion of invisibility
 k - a potion of heal wounds
Comestibles
 c - 8 rations


   Skills:
 + Level 3.7 Dodging
 - Level 2.4 Stealth
 * Level 5.4 Spellcasting
 + Level 2.7 Conjurations
 * Level 5.0 Fire Magic


You had 11 spell levels left.
You knew the following spells:

 Your Spells              Type           Power        Failure   Level  Hunger
a - Flame Tongue          Conj/Fire      ###..        2%          1    None
b - Conjure Flame         Conj/Fire      ###.....     7%          3    ##.....

Your spell library contained the following spells:

 Spells                   Type           Power        Failure   Level  Hunger
 Throw Flame              Conj/Fire      ###...       3%          2    None
 Inner Flame              Hex/Fire       ###.....     12%         3    ##.....
 Sticky Flame             Conj/Fire      ###.....     22%         4    ####...
 Fireball                 Conj/Fire      ###.......   52%         5    #####..


Dungeon Overview and Level Annotations

Branches:
Dungeon (4/15)
 Temple: D:4-7

Altars:
Ashenzari
Dithmenos
Uskayaw

Annotations:
D:4 Grinder


Innate Abilities, Weirdness & Mutations

You have a beak for a mouth.
You have supernaturally acute eyesight. (SInv)
You possess an exceptional clarity of mind.
Your body sometimes deteriorates upon taking damage.


Message History

The ogre shouts!
Grinder shouts!
Grinder says, "Tell me all your secrets, or I'll kill you."
Casting: Flame Tongue (safe; 2% risk of failure)
Confirm with . or Enter, or press ? or * to list all spells.
Aiming: Conjure Flame (safe; 7% risk of failure)
Press: ? - help, Dir - move target cursor, p - ogre The fire ignites!
The ogre hits you with a +0 giant club!!
Ouch! That really hurt!
Grinder blinks!
Casting: Conjure Flame (safe; 7% risk of failure)
Confirm with . or Enter, or press ? or * to list all spells.
Aiming: Flame Tongue (safe; 2% risk of failure)
Press: ? - help, Shift-Dir - straight line, f - Grinder
Aim: Grinder The flame tongue hits Grinder but does no damage.
Grinder hits you.
You writhe in agony.
* * * LOW HITPOINT WARNING * * *
The ogre hits you with a +0 giant club!
You die...

..# #.# #....#.#
#.# ..# #.#
#....#.# #.# ..#
#.# #####....#.#
#.# ..# ..
.........#.# #.#
### ###.....#.##
#.#####
#######.....#..#
#......
#...........##.#
#.#####
.#####.5...##.#
#.# #@######.#
#.# #O# #.###.#
#.# #..##.#
##§### ##.##.#
#.§..# #..#.#
#''### ##.#.#
#........# #...#
#........# ##..#
#..⌠##...# #..#


You could see Grinder and an ogre.

Vanquished Creatures
  An orc priest (D:3)
  Natasha (thrice) (D:2)
  An orc wizard (D:3)
  5 adders
  3 worms (D:2)
  5 dart slugs
  3 leopard geckos
  5 orcs (D:3)
  5 bats
  6 giant cockroaches
  12 goblins
  5 hobgoblins
  2 jackals (D:2)
  2 quokkas
  7 frilled lizards
  4 kobolds
  5 rats
74 creatures vanquished.

Notes
Turn   | Place    | Note
-------+----------+-------------------------------------------
     0 | D:1      | JeffiDaFish the Deep Elf Fire Elementalist began the quest
                  | for the Orb.
     0 | D:1      | Reached XP level 1. HP: 10/10 MP: 6/6
    47 | D:1      | Reached XP level 2. HP: 15/15 MP: 1/8
   209 | D:1      | Upgraded the game from 0.24-a0-11-g46ee55f to
                  | 0.24-a0-25-g8489be9
   624 | D:1      | Gained mutation: You have large cloven feet. [potion of
                  | mutation]
   624 | D:1      | Gained mutation: Your body sometimes deteriorates upon
                  | taking damage. [potion of mutation]
   624 | D:1      | Gained mutation: You are agile. (Dex +2) [potion of
                  | mutation]
   956 | D:2      | Noticed Natasha
   966 | D:2      | Noticed a crimson imp
  1205 | D:2      | Killed Natasha
  1205 | D:2      | Reached XP level 3. HP: 8/19 MP: 4/10
  1643 | D:2      | Reached XP level 4. HP: 24/24 MP: 8/12
  1670 | D:2      | Lost mutation: You have large cloven feet. [potion of
                  | mutation]
  1670 | D:2      | Lost mutation: Your body sometimes deteriorates upon taking
                  | damage. [potion of mutation]
  1670 | D:2      | Lost mutation: You are agile. (Dex +2) [potion of mutation]
  1670 | D:2      | Gained mutation: You possess an exceptional clarity of
                  | mind. [potion of mutation]
  1670 | D:2      | Gained mutation: Your body sometimes deteriorates upon
                  | taking damage. [potion of mutation]
  1670 | D:2      | Gained mutation: You have a beak for a mouth. [potion of
                  | mutation]
  1670 | D:2      | Gained mutation: You have supernaturally acute eyesight.
                  | (SInv) [potion of mutation]
  1827 | D:2      | Noticed Natasha
  1832 | D:2      | Killed Natasha
  1852 | D:2      | Found a hide-covered altar of Uskayaw.
  1852 | D:2      | Noticed a +0 dagger
  1852 | D:2      | Noticed a +0 hand axe
  1869 | D:2      | Noticed Natasha
  1875 | D:2      | Killed Natasha
  1925 | D:2      | Learned a level 3 spell: Conjure Flame
  2011 | D:2      | Reached XP level 5. HP: 25/28 MP: 8/14
  2766 | D:3      | Found a shadowy altar of Dithmenos.
  2888 | D:3      | Reached skill level 5 in Spellcasting
  3164 | D:3      | Found a faded altar of an unknown god.
  3275 | D:3      | Found a shattered altar of Ashenzari.
  3314 | D:3      | Reached skill level 5 in Fire Magic
  3665 | D:3      | Reached XP level 6. HP: 23/32 MP: 14/16
  3907 | D:4      | Noticed Grinder
  3915 | D:4      | Mangled by an ogre

Vault maps used:
D:1:      giann_forest_graveyard, nrook_campfire, minmay_hedge_maze
D:2:      dancing_weapons_uskayaw, uniq_natasha
D:3:      nicolae_ashenzari_panopticon, lemuel_doored_altar,
          chequers_ecumenical_altar_twisty
D:4:      led_sif_pool, first_ration, kennysheep_generic_room_7, uniq_grinder

Skill      XL: |  1  2  3  4  5 |
---------------+----------------+-----
Dodging        | 3 |  3.7
Spellcasting   | 4 5 |  5.4
Fire Magic     | 4 5 |  5.0
Conjurations   | 2 |  2.7
Stealth        | |  2.4

Action                   |  1- 3 |  4- 6 || total
-------------------------+-------+-------++-------
Melee: Short sword       |     1 |    12 ||    13
       Peck              |       |     1 ||     1
 Cast: Flame Tongue      |    60 |    98 ||   158
       Conjure Flame     |       |     3 ||     3
  Use: Potion            |     5 |     3 ||     8
       Scroll            |     2 |     6 ||     8
 Stab: Sleeping          |       |     1 ||     1
  Eat: Chunk             |     2 |     6 ||     8
Armor: Robe              |     1 |     5 ||     6
Dodge: Dodged            |    19 |    15 ||    34

Table legend:
 A = Non-vault XP
 B = Vault XP
 C = Vault XP percentage of total XP
 D = Non-vault monster count
 E = Vault monster count
 F = Vault count percentage of total count
                 A         B        C        D         E       F
            +---------+---------+-------+---------+---------+-------
      Total |     348 |      35 |   9.1 |      73 |       1 |   1.4
            +---------+---------+-------+---------+---------+-------
        D:1 |      38 |       0 |   0.0 |      17 |       0 |   0.0
        D:2 |     156 |      35 |  18.3 |      32 |       1 |   3.0
        D:3 |     151 |       0 |   0.0 |      22 |       0 |   0.0
        D:4 |       3 |       0 |   0.0 |       2 |       0 |   0.0
            +---------+---------+-------+---------+---------+-------
